 Dungeon Crawl Stone Soup version 0.29-a0-367-gc2b5878c41 (webtiles) character file.

Game seed: 8868091083639281810

2949 Lekart the Carver (level 9, 0/79 HPs)
             Began as a White Draconian Chaos Knight on May 1, 2022.
             Was a Plaything of Xom.
             Succumbed to Drevant2's ghost's poison
             ... on level 7 of the Dungeon.
             The game lasted 00:11:14 (7685 turns).

Lekart the Carver (White Draconian Chaos Knight)    Turns: 7685, Time: 00:11:14

Health: 0/79       AC: 10    Str: 18 (19) XL:     9   Next: 51%
Magic:  9/9        EV: 13    Int:  9 (11) God:    Xom [..*...]
Gold:   503        SH:  0    Dex:  9 (12) Spells: 8/8 levels left

rFire   + . .      SeeInvis +   B - +3 mace of the Feeding King {spect, rCorr Str+4 SInv Stlth+}
rCold   + + .      Faith    .   (no shield)
rNeg    . . .      Spirit   .   (body armour unavailable)
rPois   +          Reflect  .   (helmet restricted)
rElec   +          Harm     .   n - +0 cloak
rCorr   +          Rampage  .   k - +0 pair of gloves
Will    +....      Clarity  +   (no boots)
Stlth   ++........              (no amulet)
HPRegen 0.23/turn               x - ring of willpower
MPRegen 0.11/turn               (no ring)

@: brilliant, lethally poisoned (0 -> -8), resistant, on berserk cooldown,
flying, hasted and slowed
A: breathe frost, AC +7, unfitting armour, cold resistance 1, cold-blooded,
beak, clarity, clumsy 1, dopey 1, passive freeze, shaggy fur 1
a: Breathe Frost, Renounce Religion


You were on level 7 of the Dungeon.
You worshipped Xom.
You were a toy of Xom.
You visited 2 branches of the dungeon, and saw 9 of its levels.

You collected 503 gold pieces.

Inventory:

Hand Weapons
 a - a +0 falchion of chaos
 c - a +2 vorpal hand axe
 t - a +5 vorpal falchion
 B - the +3 mace of the Feeding King (weapon) {spect, rCorr Str+4 SInv Stlth+}
   (You found it on level 6 of the Dungeon)

   When its wielder attacks, the weapon's spirit leaps out and strikes again.
   The spirit shares a part of any damage it takes with its wielder.
   Str:       It affects your strength (+4).
   SInv:      It lets you see invisible.
   rCorr:     It protects you from acid and corrosion.
   Stlth:     It makes you more stealthy.
Missiles
 v - 2 throwing nets
Armour
 k - a +0 pair of gloves (worn)
 n - a +0 cloak (worn)
Jewellery
 x - a ring of willpower (left hand)
Wands
 h - a wand of flame (39)
 w - a wand of paralysis (4)
Scrolls
 e - 3 scrolls of blinking
 l - a scroll of fog
 q - 4 scrolls of teleportation
 y - 3 scrolls of magic mapping {unknown}
 z - a scroll of enchant armour {unknown}
 A - a scroll of fear {unknown}
 C - a scroll of brand weapon {unknown}
Potions
 d - a potion of brilliance
 f - 3 potions of might
 g - a potion of berserk rage
 i - 2 potions of haste
 j - a potion of lignification
 m - a potion of magic
 p - a potion of mutation
 r - a potion of degeneration
 u - a potion of flight
Miscellaneous
 b - a piece from Xom's chessboard (15/15) (quivered)


   Skills:
 + Level 7.6 Fighting
 + Level 8.6 Long Blades
 + Level 3.5(4.0) Axes
 + Level 2.5(3.4) Maces & Flails
 + Level 6.1 Dodging
 + Level 2.7 Shields
 + Level 0.2 Evocations


You had 8 spell levels left.
You didn't know any spells.
Your spell library contained the following spells:

 Spells                   Type           Power      Damage    Failure   Level
 Beastly Appendage        Tmut           0%         N/A       38%         1
 Wereblood                Tmut           0%         N/A       52%         2
 Spider Form              Tmut/Pois      0%         N/A       77%         3


Dungeon Overview and Level Annotations

Branches:
Dungeon (8/15)             Temple (1/1) D:6
   Lair: D:8-11

Altars:
Cheibriados
Dithmenos
Elyvilon
Fedhas
Gozag
Hepliaklqana
Kikubaaqudgha
Makhleb
Nemelex Xobeh
Okawaru
Qazlal
Ru
Sif Muna
Trog
Uskayaw
Vehumet
Wu Jian
Xom
Yredelemnul
Zin
The Shining One

Annotations:
D:4 exclusion: downstairs
D:7 1 transporter, Drevant2's ghost, novice DsWn


Innate Abilities, Weirdness & Mutations

You can breathe waves of freezing cold which knock back foes.
Your icy white scales are hard. (AC +7)
You cannot fit into any form of body armour.
Your flesh is cold resistant. (rC+)
You are cold-blooded and may be slowed by cold attacks.
You have a beak for a mouth.
You possess an exceptional clarity of mind.
You are clumsy. (Dex -2)
You are dopey. (Int -2)
A frigid envelope surrounds you and freezes all who hurt you.
You are covered in fur. (AC +1)


Message History

* * * LOW HITPOINT WARNING * * *
You hit Drevant2's ghost but do no damage.
Your tail-slap misses Drevant2's ghost.
Drevant2's ghost freezes you.
You are frozen.
You resist.
* * * LOW HITPOINT WARNING * * *
Drevant2's ghost closely misses you.
You feel yourself speed up. Drevant2's ghost misses you.
Drevant2's ghost attacks as you move away!
Drevant2's ghost hits you but does no damage.
You are lethally poisoned!
Drevant2's ghost resists.
Drevant2's ghost is very cold.
Drevant2's ghost is lightly damaged.
* * * LOW HITPOINT WARNING * * *
You feel very sick. Xom smiles on you.
You feel clever all of a sudden.
There is a transporter landing site here.
Items here: $ ) ? [ †.
* * * LOW HITPOINT WARNING * * *
You feel sick.
Drevant2's ghost says, "Let nature run its course against you!"
It was a potion of degeneration.
There was something very wrong with that liquid.
You feel weakened.
You feel dopey.
You feel clumsy.
* * * LOW HITPOINT WARNING * * *
You feel sick.
Drevant2's ghost hits you but does no damage.
You are more poisoned.
Drevant2's ghost resists.
Drevant2's ghost is very cold.
Drevant2's ghost is lightly damaged.
It was a potion of resistance.
You feel protected.
* * * LOW HITPOINT WARNING * * *
You feel sick. Drevant2's ghost barely misses you.
It was a potion of flight.
You feel very buoyant.
You fly up into the air.
You die...
Xom howls with laughter!

######....##
##..##..[##..#.## #
######
##..##.###.##....# #
##..##≈.....≈##...# #
##..##8.≈..$..8##..#
#
##..##..#.###.#≈≈##.[
#..##†..$##.##.≈..##.
#..#†#..##...##..#.#.
#..#W#..#$.. B#..#©#.
#..#@#...#.. ##$.#.#.
#..##.$...#)##$...##.
##..##..#.###.#.≈##..
##..##8≈..≈...8##..#
##..##..≈...≈##....
##..##.###.##..###
##..##...##..##
####..#####..##
#.......©....#####


You could see Drevant2's ghost.

Vanquished Creatures
  A swamp dragon (shapeshifter) (D:5)
  A steam dragon (D:7)
  Menkaure (D:7)
  Edmund (D:5)
  2 sky beasts (D:7)
  An orc warrior (D:7)
  An ice beast (D:6)
  2 black bears
  2 ogres
  A phantom (D:6)
  A kobold brigand (D:7)
  3 bullfrogs (D:6)
  2 scorpions
  A water moccasin zombie (D:5)
  A water moccasin skeleton (D:5)
  2 bullfrog zombies (D:5)
  A centaur zombie (D:5)
  A bullfrog skeleton (D:5)
  3 hounds
  2 jellies
  A centaur skeleton (D:5)
  6 iguanas
  3 orc wizards (D:6)
  A scorpion zombie (D:5)
  A killer bee zombie (D:5)
  A hound zombie (D:5)
  A howler monkey zombie (D:5)
  4 gnolls
  A howler monkey skeleton (D:5)
  5 adders
  2 white imps
  An ufetubus (D:7)
  An adder zombie (D:5)
  A worm (D:3)
  2 dart slugs
  13 orcs
  8 ball pythons
  7 endoplasms
  6 giant cockroaches
  8 hobgoblins
  6 jackals
  6 bats
  A frilled lizard (D:2)
  8 goblins
  12 kobolds
  6 rats
142 creatures vanquished.

Vanquished Creatures (others)
  A white imp (D:7)
  A kobold (D:7)
  6 withered plants (D:5)
8 creatures vanquished.

Grand Total: 150 creatures vanquished

Notes
Turn   | Place    | Note
-------+----------+-------------------------------------------
     0 | D:1      | Lekart the Draconian Chaos Knight began the quest for the
                  | Orb.
     0 | D:1      | Reached XP level 1. HP: 19/19 MP: 1/1
    55 | D:1      | XOM: silly message
   112 | D:1      | XOM: silly message
   117 | D:1      | Reached XP level 2. HP: 9/26 MP: 2/2
   244 | D:1      | XOM: silly message
   302 | D:1      | XOM: silly message
   494 | D:1      | XOM: divination: detect creatures
   543 | D:1      | XOM: silly message
   550 | D:1      | Reached XP level 3. HP: 26/33 MP: 3/3
   855 | D:1      | Found a faded altar of an unknown god.
  1038 | D:1      | XOM: silly message
  1263 | D:2      | XOM: silly message
  1296 | D:2      | XOM is BORED!
  1296 | D:2      | XOM: silly message
  1517 | D:2      | Reached skill level 1 in Axes
  1583 | D:2      | XOM: divination: detect items
  1591 | D:2      | Reached XP level 4. HP: 35/40 MP: 4/4
  1625 | D:2      | XOM: 4-stop teleportation journey
  2063 | D:3      | XOM is BORED!
  2063 | D:3      | XOM: 5-stop teleportation journey
  2231 | D:3      | XOM: silly message
  2782 | D:3      | XOM: give mutations
  2782 | D:3      | Gained mutation: Your mind is acute. (Int +2) [Xom's grace]
  2782 | D:3      | Gained mutation: You are partially covered in large bone
                  | plates. (SH +4) [Xom's grace]
  2791 | D:3      | XOM: divination: detect creatures
  3065 | D:4      | XOM: god gift: 20 stones
  3227 | D:4      | Reached XP level 5. HP: 47/47 MP: 5/5
  3614 | D:4      | Noticed an ogre
  3621 | D:4      | Killed an ogre
  3717 | D:4      | XOM: scenery: 1 doors open
  3733 | D:4      | XOM: cloud trail
  3789 | D:4      | XOM: silly message
  3887 | D:4      | XOM: cloud trail
  4167 | D:5      | Entered Level 5 of the Dungeon
  4176 | D:5      | XOM: silly message
  4179 | D:5      | Reached XP level 6. HP: 38/53 MP: 6/6
  4203 | D:4      | XOM: give mutations
  4203 | D:4      | Lost mutation: Your mind is acute. (Int +2) [Xom's
                  | mischief]
  4203 | D:4      | Gained mutation: You are clumsy. (Dex -2) [Xom's mischief]
  4203 | D:4      | Gained mutation: You are dopey. (Int -2) [Xom's mischief]
  4203 | D:4      | Gained mutation: You are weak. (Str -2) [Xom's mischief]
  4307 | D:4      | XOM: summons 4 hostile demons
  4319 | D:5      | Reached skill level 4 in Long Blades
  4385 | D:5      | XOM is BORED!
  4385 | D:5      | XOM: swap monsters
  4388 | D:5      | XOM: enchant monster (bad)
  4445 | D:5      | Noticed Edmund
  4448 | D:4      | XOM: divination: detect creatures
  4480 | D:5      | XOM: summons friendly quasit
  4556 | D:5      | XOM: divination: detect creatures
  4568 | D:5      | XOM: noise
  4574 | D:5      | Reached skill level 5 in Fighting
  4574 | D:5      | Reached skill level 5 in Long Blades
  4574 | D:5      | Your scales start taking on an icy white colour.
  4574 | D:5      | Reached XP level 7. HP: 48/61 MP: 7/7
  4574 | D:5      | Gained mutation: Your flesh is cold resistant. (rC+) [White
                  | Draconian growth]
  4582 | D:5      | XOM: potion effect (heal wounds)
  4583 | D:5      | Reached skill level 1 in Shields
  4594 | D:5      | XOM: scenery: summon butterflies
  4603 | D:5      | Lost mutation: You are clumsy. (Dex -2) [potion of
                  | mutation]
  4603 | D:5      | Lost mutation: You are partially covered in large bone
                  | plates. (SH +4) [potion of mutation]
  4603 | D:5      | Gained mutation: A frigid envelope surrounds you and
                  | freezes all who hurt you. [potion of mutation]
  4603 | D:5      | Lost mutation: You are weak. (Str -2) [potion of mutation]
  4603 | D:5      | Gained mutation: You are clumsy. (Dex -2) [potion of
                  | mutation]
  4737 | D:5      | XOM: 4-stop teleportation journey
  4757 | D:5      | Noticed a glowing shapeshifter
  4757 | D:5      | a gnoll shaman changed into a glowing shapeshifter
  4757 | D:5      | XOM: polymorph gnoll shaman -> glowing shapeshifter
  4757 | D:5      | Noticed a swamp dragon
  4757 | D:5      | a glowing shapeshifter changed into a swamp dragon
  4764 | D:5      | Killed a swamp dragon
  4765 | D:5      | Reached skill level 6 in Long Blades
  4765 | D:5      | Reached XP level 8. HP: 15/70 MP: 8/8
  5065 | D:5      | XOM: torment (36/70 hp)
  5254 | D:5      | Killed Edmund
  5620 | D:6      | XOM: 5-stop teleportation journey
  5623 | D:6      | Reached skill level 7 in Long Blades
  5684 | D:6      | Reached skill level 5 in Dodging
  5843 | D:6      | Found a staircase to the Ecumenical Temple.
  5872 | Temple   | Entered the Ecumenical Temple
  6039 | D:6      | XOM: god gift: forked fluorescent wand {god gift}
  6085 | D:6      | XOM: torment (38/73 hp)
  6213 | D:6      | XOM: divination: detect creatures
  6386 | D:6      | Reached XP level 9. HP: 74/79 MP: 9/9
  6536 | D:6      | Identified the +3 mace of the Feeding King {spect, rCorr
                  | Str+4 SInv Stlth+}
  6682 | D:7      | Found a transporter.
  6687 | D:7      | Noticed Drevant2's ghost (novice DsWn)
  6689 | D:7      | Found a transporter.
  6694 | D:7      | Noticed a boulder beetle
  6767 | D:7      | XOM is BORED!
  6767 | D:7      | XOM: summons 5 hostile demons
  6923 | D:7      | XOM: give mutations
  6923 | D:7      | Gained mutation: You possess an exceptional clarity of
                  | mind. [Xom's grace]
  6923 | D:7      | Gained mutation: You have a beak for a mouth. [Xom's grace]
  6923 | D:7      | Gained mutation: You are covered in fur. (AC +1) [Xom's
                  | grace]
  6924 | D:7      | Identified the +9 short sword "Jodev" {protect, rElec rN++
                  | Will+}
  7058 | D:7      | XOM: noise
  7111 | D:7      | XOM: cloud trail
  7116 | D:7      | Noticed Menkaure
  7123 | D:7      | Killed Menkaure
  7124 | D:7      | Reached skill level 8 in Long Blades
  7326 | D:7      | Reached skill level 1 in Maces & Flails
  7328 | D:7      | XOM: noise
  7666 | D:7      | XOM: noise
  7677 | D:7      | XOM: divination: detect creatures
  7681 | D:7      | XOM: potion effect (brilliance)
  7684 | D:7      | HP: 2/79 [poisoned by Drevant2's ghost]
  7685 | D:7      | Succumbed to Drevant2's ghost's poison

Illustrated notes

Levels and vault maps discovered:
D:1:      dpeg_arrival_stonehenge_12_columns, layout_basic,
          shapermc_ecumenical_altar_flowoftime, minmay_pentomino_w4
D:2:      layout_basic, grunt_decor_clamped, st_stairs_13
D:3:      layout_loops_ring
D:4:      layout_loops_corners, dk_vineyard_1
D:5:      layout_rooms, serial_undead, serial_undead_b, serial_undead_c,
          serial_undead_e, serial_undead_f, serial_undead_b, serial_undead_f,
          uniq_edmund
D:6:      kb_forest_paths, layout_basic, minmay_temple_entry_statues_pillars
D:7:      layout_basic, nzn_ghost_randoct, uniq_menkaure
D:8:      corexii_shantytown, layout_loops_cross, nicolae_ashenzari_skybound,
          minmay_splitting_lines, hangedman_decor_push,
          david_defended_altar_orc, uniq_maurice, uniq_maggie
Temple:   grunt_wide_crystal_templ

Skill      XL: |  1  2  3  4  5  6  7  8  9 |
---------------+----------------------------+-----
Fighting       | 4 5 7 |  7.6
Axes           | 1 2 3 |  3.5
Dodging        | 3 4 5 6 |  6.1
Long Blades    | 5 6 7 8 |  8.6
Shields        | 2 |  2.7
Maces & Flails | 2 |  2.5
Evocations     | |  0.2

Action                   |  1- 3 |  4- 6 |  7- 9 || total
-------------------------+-------+-------+-------++-------
Melee: Falchion          |    24 |    92 |    98 ||   214
       Tailslap          |     5 |    22 |    18 ||    45
       Hand axe          |    64 |    50 |       ||   114
       Punch             |       |     2 |     2 ||     4
       Mace              |       |       |    52 ||    52
       Peck              |       |       |     5 ||     5
 Abil: Breathe Frost     |       |       |     2 ||     2
Evoke: Piece from Xom's  |       |       |     1 ||     1
  Use: Scroll            |       |    12 |     3 ||    15
       Potion            |       |       |     9 ||     9
 Stab: Sleeping          |     1 |     1 |     2 ||     4
Armor: Skin              |    37 |    85 |    56 ||   178
Dodge: Dodged            |    59 |   138 |   100 ||   297
Block: Other             |       |    32 |     1 ||    33

Table legend: (Time is in decaauts)
 A = Elapsed time spent in this place.
 B = Non-inter-level travel time spent in this place.
 C = Inter-level travel time spent in this place.
 D = Time resting spent in this place.
 E = Time spent auto-exploring this place.
 F = Levels seen in this place.
 G = Mean time per level.
                   A        B        C        D        E       F      G
               +--------+--------+--------+--------+--------+-----+--------+
         Total |   7739 |   7501 |    238 |    958 |   5428 |   9 |  859.9 |
       Dungeon |   7619 |   7397 |    222 |    958 |   5341 |   8 |  952.4 |
        Temple |    119 |    103 |     16 |      0 |     87 |   1 |  119.0 |
               +--------+--------+--------+--------+--------+-----+--------+

Top non-repeatable levels by time:
     D:4: 1356 daAuts
     D:5: 1167 daAuts
     D:1: 1131 daAuts
     D:7: 1045 daAuts
     D:3: 1033 daAuts
     D:6: 972 daAuts
     D:2: 911 daAuts
  Temple: 119 daAuts
     D:8: 1 daAuts
